 Dungeon Sprint DCSS version 0.27.1-33-g824d729ab1 (webtiles) character file.

Game seed: 15044855398342241343

19569 Descartes the Warrior (level 13, -4/127 HPs)
             Began as a Formicid Fighter on Dec 14, 2021.
             Was an Initiate of Gozag.
             Killed from afar by a deep elf annihilator (44 damage)
             ... with a crystal spear
             ... in the Dungeon (Sprint V: "Ziggurat Sprint").
             The game lasted 00:12:54 (992 turns).

Descartes the Warrior (Formicid Fighter)             Turns: 992, Time: 00:12:55

Health: -4/127     AC: 33    Str: 27    XL:     13   Next: 5%
Magic:  11/11      EV:  3    Int:  9    God:    Gozag
Gold:   2753       SH: 31    Dex: 14    Spells: 12/12 levels left

rFire    + . .     SeeInvis +   B - +14 obsidian axe {vorpal, Mesm Drain Fly SInv}
rCold    + + +     Faith    .   D - +18 shield of the Gong {rElec rN+ Will+ EV-5}
rNeg     + + +     Spirit   .   C - +15 Maxwell's patent armour {-Cast -Tele rElec Will+ rCorr}
rPois    +         Reflect  .   (helmet unavailable)
rElec    +         Harm     .   (no cloak)
rCorr    +         Rampage  .   (no gloves)
Will     +++..     NoCast   +   (no boots)
Stlth    ..........             (no amulet)
HPRegen  0.31/turn              W - ring of Ascent {Contam rC+ rN+++ Int+2 Stlth+}
MPRegen  0.12/turn              k - ring of Suspected Treachery {rC+ Str+4 Slay+3 SInv}

@: mighty, resistant, gold aura, flying, mesmerised, very slightly contaminated,
invisible (expiring)
A: permanent stasis, dig shafts and tunnels, antennae 3, four strong arms, low
mp 1, screaming 1
a: Dig, Renounce Religion, Potion Petition, Call Merchant, Bribe Branch


You were in the Dungeon.
You worshipped Gozag.
Gozag was most pleased with you.
You visited 1 branch You collected 4536 gold pieces.
You paid 1783 gold pieces to Gozag.

Inventory:

Hand Weapons
 B - the +14 obsidian axe (weapon) {vorpal, Mesm Drain Fly SInv}
   (You found it in the Dungeon)

   It inflicts extra damage upon your enemies.
   It occasionally summons demons to assist the wielder when it strikes in
   combat.
   Its wielder is mesmerised by any visible foes.
   It cannot be unequipped while any foes are visible.
   SInv:      It lets you see invisible.
   Fly:       It grants you flight.
   Drain:     It drains your maximum health when unequipped.
 E - the +7 great mace "Firestarter" {inner flame, rF++}
   (You found it in the Dungeon)

   It burns those it strikes, dealing additional fire damage.
   It fills those it strikes with an explosive inner flame.
   It grants immunity to clouds of flame.
   rF:        It greatly protects you from fire.
 M - the +9 arbalest "Peroyroewn" {elec, rC+ rN+ Int+3}
   (You found it in the Dungeon)

   Any ammunition fired from it occasionally discharges a powerful burst of
   electricity upon striking a foe.
   Int:       It affects your intelligence (+3).
   rC:        It protects you from cold.
   rN:        It protects you from negative energy.
 S - the +8 frozen axe "Frostbite" {freezing cloud, *Noise Fly rC+}
   (You found it in the Dungeon)

   It freezes those it strikes, dealing additional cold damage.
   It can also slow down cold-blooded creatures.
   It occasionally leaves clouds of freezing vapour upon striking a foe.
   It grants immunity to clouds of freezing vapour.
   rC:        It protects you from cold.
   Fly:       It grants you flight.
   *Noise:    It may make noises in combat.
Armour
 A - a +3 tower shield
 C - the +15 Maxwell's patent armour (worn) {-Cast -Tele rElec Will+ rCorr}
   (You found it in the Dungeon)

   rElec:     It insulates you from electricity.
   -Cast:     It prevents spellcasting.
   -Tele:     It prevents most forms of teleportation.
   rCorr:     It protects you from acid and corrosion.
   Will:      It increases your willpower.
 D - the +18 shield of the Gong (worn) {rElec rN+ Will+ EV-5}
   (You found it in the Dungeon)

   It is deafeningly noisy when blocking attacks.
   EV:        It affects your evasion (-5).
   rElec:     It insulates you from electricity.
   rN:        It protects you from negative energy.
   Will:      It increases your willpower.
Jewellery
 b - a +4 ring of protection
 k - the ring of Suspected Treachery (right hand) {rC+ Str+4 Slay+3 SInv}
   (You found it in the Dungeon)

   [ring of see invisible]

   Str:       It affects your strength (+4).
   Slay:      It affects your accuracy & damage with ranged weapons and melee
   (+3).
   rC:        It protects you from cold.
   SInv:      It lets you see invisible.
 l - a ring of flight
 m - a +6 ring of dexterity
 n - a +6 ring of dexterity
 o - a +6 ring of intelligence
 p - a +6 ring of intelligence
 q - a +6 ring of strength
 r - a +6 ring of strength
 G - a ring of positive energy
 H - a +6 ring of strength
 K - a ring of magical power
 P - a +4 ring of evasion
 R - the ring "Kakh" {MP+9 Str-3 Int+4 Dex+3}
   (You found it in the Dungeon)

   [ring of magical power]

   Str:       It affects your strength (-3).
   Int:       It affects your intelligence (+4).
   Dex:       It affects your dexterity (+3).
   MP:        It affects your magic capacity (+9).
 T - a +4 ring of protection
 V - a ring of poison resistance
 W - the ring of Ascent (left hand) {Contam rC+ rN+++ Int+2 Stlth+}
   (You found it in the Dungeon)

   [ring of protection from cold]

   Int:       It affects your intelligence (+2).
   rC:        It protects you from cold.
   rN:        It renders you almost immune to negative energy.
   Contam:    It causes magical contamination when unequipped.
   Stlth:     It makes you more stealthy.
 X - a ring of willpower
Wands
 s - a wand of mindburst (7)
 t - a wand of iceblast (7)
 u - a wand of acid (7)
 J - a wand of polymorph (8)
Scrolls
 c - 4 scrolls of enchant weapon
 v - 4 scrolls of amnesia
 w - 7 scrolls of fog
 x - a scroll of holy word
 y - 5 scrolls of identify
 z - 2 scrolls of fear
 O - 4 scrolls of enchant armour
 U - a scroll of acquirement
Potions
 d - 6 potions of might
 e - 10 potions of curing
 f - 9 potions of heal wounds
 g - 8 potions of magic
 h - 2 potions of brilliance
 i - 2 potions of invisibility
 j - 4 potions of resistance
 I - 2 potions of mutation {unknown}
Miscellaneous
 a - a lightning rod (4/4)
 F - a piece from Xom's chessboard (15/15)
 L - a box of beasts
 N - a phantom mirror
 Q - a tin of tremorstones (2/2)


   Skills:
 + Level 20.3 Fighting
 + Level 17.4 Axes
 + Level 18.8 Armour
 - Level 10.2 Shields


You had 12 spell levels left.
You didn't know any spells.
Your spell library contained the following spells:

 Spells                   Type           Power      Damage    Failure   Level
 Magic Dart               Conj           0%         1d3       90%         1
 Shock                    Conj/Air       0%         1d3       90%         1
 Call Imp                 Summ           0%         N/A       97%         2
 Passwall                 Tmut/Erth      0%         N/A       97%         2
 Poisonous Vapours        Pois/Air       0%         N/A       97%         2
 Slow                     Hex            0%         N/A       97%         2
 Confusing Touch          Hex            0%         N/A       99%         3
 Conjure Flame            Conj/Fire      0%         6-21      99%         3
 Ignite Poison            Fire/Tmut/Pois 0%         N/A       99%         3
 Mephitic Cloud           Conj/Pois/Air  0%         N/A       99%         3
 Portal Projectile        Hex/Tloc       0%         N/A       99%         3
 Summon Guardian Golem    Hex/Summ       0%         N/A       99%         3
 Vampiric Draining        Necr           0%         2d6       99%         3
 Airstrike                Air            0%         N/A       100%        4
 Animate Armour           Summ/Erth      0%         N/A       100%        4
 Fulminant Prism          Conj/Hex       0%         3d6       100%        4
 Iskenderun's Mystic Bla  Conj/Tloc      0%         2d3       100%        4
 Sticky Flame             Conj/Fire      0%         2d3       100%        4
 Summon Lightning Spire   Summ/Air       0%         N/A       100%        4
 Blade Hands              Tmut           0%         N/A       100%        5
 Excruciating Wounds      Necr           0%         N/A       100%        5
 Lee's Rapid Deconstruct  Erth           0%         3d5*      100%        5
 Lightning Bolt           Conj/Air       0%         1d11      100%        5
 Invisibility             Hex            0%         N/A       100%        6
 Iron Shot                Conj/Erth      0%         9d1       100%        6
 Orb of Destruction       Conj           0%         N/A       100%        7
 Spellforged Servitor     Conj/Summ      0%         N/A       100%        7
 Storm Form               Tmut/Air       0%         N/A       100%        7
 Infestation              Necr           0%         N/A       100%        8
 Swiftness                Air            Unusable   N/A       N/A         3

Dungeon Overview and Level Annotations

Branches:
Dungeon (1/1)

Altars:
Ashenzari
Cheibriados
Dithmenos
Elyvilon
Fedhas
Gozag
Hepliaklqana
Kikubaaqudgha
Makhleb
Nemelex Xobeh
Okawaru
Qazlal
Ru
Sif Muna
Trog
Uskayaw
Vehumet
Wu Jian
Xom
Yredelemnul
Zin
The Shining One
Beogh
Jiyva
Lugonu

Annotations:
D 1 transporter


Innate Abilities, Weirdness & Mutations

You cannot be hasted, slowed, berserked, paralysed or teleported.
You can dig through walls and to a lower floor.
You have a pair of large antennae on your head. (SInv)
Your four strong arms can wield two-handed weapons with a shield.
Your magical capacity is low. (-10% MP)
You occasionally shout uncontrollably at your foes.


Message History

The deep elf annihilator points at you and mumbles some strange words.
You block the iron shot.
SHROANNG!
You block the fire elemental's attack.
GONNNNG!
You cannot move away from the fire elemental!
You cut the fire elemental into ribbons!!!
You open a gate to Pandemonium!
A demon appears!
You break out of your daze!
You destroy the fire elemental!
The fire elemental disappears in a puff of smoke!
Visions of slaying the deep elf annihilator flood into your mind.
You feel sick.
You block the deep elf annihilator's attack.
BOUMMMMG!
You feel sick.
You are no longer poisoned.
Your smoke demon gestures at the +1 trident of venom.
The +1 trident of venom is smitten.
You block the deep elf annihilator's attack.
GONNNNG!
You slice the deep elf annihilator!!
The deep elf annihilator is heavily wounded.
You miss the +1 trident of venom.
The +1 trident of venom is no longer distracted by gold.
You block the +1 trident of venom's attack.
GONNNNG!
Your smoke demon barely misses the +1 trident of venom.
Your smoke demon hits the +1 trident of venom but does no damage.
Your smoke demon barely misses the +1 trident of venom.
You slash the deep elf annihilator!
The deep elf annihilator is severely wounded.
You strike the helpless +1 trident of venom from behind!
You hit the +1 trident of venom.
You block the +1 trident of venom's attack.
BONNNG!
The deep elf annihilator gestures at you while chanting.
The crystal spear hits you!!!
You die...
Your body crumbles into a pile of gold.

▓....©...
▓▓▓▓▓▓▓▓▓▓▓▓▓▓▓▓▓▓▓▓▓
▓...8©8...▓...8©8...▓
▓..)}).}[.▓....})...▓
▓..":|=}..▓..|.)))..▓
▓.........▓.........▓
▓.........▓.........▓
▓e..(.....▓.........▓
▓..e@3$...▓.........▓
▓..▓$$$▓..▓.........▓
▓...3§$...▓.▓.....▓.▓
▓....©....▓....©....▓
▓▓▓▓▓▓▓▓▓▓▓▓▓▓▓▓▓▓▓▓▓


{{{{{{{{ {{{{{{{{{{{ {{{{{{{{{ {{{{{{{{{{{ {{{{{{{{{ You could see a deep elf
annihilator (mesmerising, ally target), a deep elf pyromancer, a +1 trident of
venom (ally target), a friendly smoke demon (summoned) and a friendly neqoxec
(summoned).

Vanquished Creatures
  2 deep elf blademasters (D)
  A deep elf annihilator (D)
  A purple draconian (D)
  2 minotaurs (shapeshifter) (D)
  A two-headed ogre (shapeshifter) (D)
  A spriggan druid (D)
  2 lindwurms (shapeshifter) (D)
  A deep elf zephyrmancer (D)
  A shining eye (D)
  A faun (shapeshifter) (D)
  3 draconians (D)
  A moth of wrath (shapeshifter) (D)
  2 ugly things (D)
  A guardian serpent (shapeshifter) (D)
  A troll (shapeshifter) (D)
  2 hornets (shapeshifter) (D)
  A hornet (D)
  A raiju (D)
  Sigmund (D)
  A tarantella (D)
  4 spriggans (D)
  A wraith (D)
  A fire elemental (D)
  A water moccasin (D)
  A floating eye (D)
  An ice beast (shapeshifter) (D)
  3 black bears (D)
  An ice beast (D)
  A tengu (shapeshifter) (D)
  4 wolves (D)
  Blork the orc (D)
  2 scorpions (D)
  3 quasits (D)
  Crazy Yiuf (D)
  4 jellies (D)
  Jessica (D)
  2 adders (D)
  2 ball pythons (D)
61 creatures vanquished.

Vanquished Creatures (collateral kills)
  A deep elf blademaster (D)
  A deep elf master archer (D)
  3 spriggans (D)
  A wolf spider (shapeshifter) (D)
  A komodo dragon (D)
  2 hornets (D)
  A slime creature (D)
  A naga (D)
  A wolf (D)
  A crimson imp (D)
  A jelly (D)
  A white imp (D)
15 creatures vanquished.

Grand Total: 76 creatures vanquished

Notes
Turn   | Place    | Note
-------+----------+-------------------------------------------
     0 | D        | Descartes the Formicid Fighter began the quest for the Orb.
     0 | D        | Reached XP level 1. HP: 18/18 MP: 1/1
     0 | D        | Found a shimmering blue altar of Sif Muna.
     0 | D        | Found a sacrificial altar of Ru.
     0 | D        | Found a bloodstained altar of Trog.
     0 | D        | Found a stormy altar of Qazlal.
     0 | D        | Found an iron altar of Okawaru.
     0 | D        | Found a sparkling altar of Nemelex Xobeh.
     0 | D        | Found a blossoming altar of Fedhas.
     0 | D        | Found the +6 Majin-Bo {vamp, MP+6 Int+6}
     0 | D        | Found the +9 heavy crossbow "Sniper" {vorpal, Acc+∞ SInv}
     0 | D        | Found the +10 dark maul {vorpal}
     0 | D        | Found the +15 Maxwell's patent armour {-Cast -Tele rElec
                  | Will+ rCorr}
     0 | D        | Found the +18 shield of the Gong {rElec rN+ Will+ EV-5}
     0 | D        | Found the +14 obsidian axe {vorpal, Mesm Drain Fly SInv}
     0 | D        | Found the +7 great mace "Firestarter" {inner flame, rF++}
     0 | D        | Found the +6 shillelagh "Devastator" {shatter}
     0 | D        | Found the +11 plutonium sword {Contam Stlth-}
     0 | D        | Found the +8 lance "Wyrmbane" {slay drac, rPois rF+ rC+
                  | AC+3}
     0 | D        | Found the +9 sword of Zonguldrok {reap}
     0 | D        | Found the +13 scythe of Curses {drain, Drain}
     0 | D        | Found the +5 sword of Power {vorpal}
     0 | D        | Found the +7 mace of Variability {chain chaos}
     0 | D        | Found the +7 Singing Sword {vorpal, sonic wave}
     0 | D        | Found the +8 storm bow {elec, penet}
     2 | D        | Found an ancient bone altar of Kikubaaqudgha.
     2 | D        | Found a transporter.
     2 | D        | Found a corrupted altar of Lugonu.
     2 | D        | Found a viscous altar of Jiyva.
     2 | D        | Found a burning altar of Makhleb.
     2 | D        | Found a hazy altar of Hepliaklqana.
     2 | D        | Found an opulent altar of Gozag.
    83 | D        | Became a worshipper of Gozag Ym Sagoz the Greedy
    90 | D        | Entered arena 2.
    90 | D        | Noticed an ice beast
    90 | D        | Found a transporter.
    95 | D        | Killed an ice beast
    96 | D        | Reached skill level 5 in Fighting
    96 | D        | Reached skill level 5 in Armour
    96 | D        | Reached XP level 2. HP: 28/28 MP: 2/2
    96 | D        | Reached XP level 3. HP: 34/34 MP: 3/3
    96 | D        | Reached XP level 4. HP: 40/40 MP: 4/4
   110 | D        | Entered arena 3.
   110 | D        | Noticed a scorpion
   110 | D        | Noticed a tarantella
   110 | D        | Noticed a scorpion
   110 | D        | Found a transporter.
   113 | D        | Killed a tarantella
   113 | D        | Killed a scorpion
   114 | D        | Reached skill level 7 in Fighting
   114 | D        | Reached XP level 5. HP: 48/48 MP: 5/5
   114 | D        | Reached XP level 6. HP: 55/55 MP: 6/6
   115 | D        | Reached skill level 8 in Fighting
   130 | D        | Reached skill level 9 in Fighting
   130 | D        | Reached skill level 10 in Shields
   130 | D        | Reached XP level 7. HP: 64/64 MP: 7/7
   131 | D        | Entered arena 4.
   131 | D        | Noticed a draconian
   131 | D        | Noticed a draconian
   131 | D        | Noticed a purple draconian
   131 | D        | Noticed a draconian
   131 | D        | Found a transporter.
   137 | D        | Killed a draconian
   138 | D        | Reached skill level 10 in Fighting
   138 | D        | Reached skill level 10 in Armour
   138 | D        | Reached XP level 8. HP: 71/73 MP: 8/8
   139 | D        | Killed a draconian
   140 | D        | Reached skill level 11 in Fighting
   140 | D        | Reached skill level 10 in Axes
   144 | D        | Killed a purple draconian
   145 | D        | Reached skill level 12 in Fighting
   145 | D        | Reached XP level 9. HP: 17/82 MP: 9/9
   147 | D        | Killed a draconian
   434 | D        | Got the ring of Suspected Treachery {rC+ Str+4 Slay+3 SInv}
   436 | D        | Got the Tome of Weightlessness
   443 | D        | Entered arena 5.
   443 | D        | Noticed Sigmund
   443 | D        | Noticed Jessica
   443 | D        | Noticed Blork the orc
   443 | D        | Noticed Crazy Yiuf
   443 | D        | Found a transporter.
   447 | D        | Killed Blork the orc
   447 | D        | Killed Jessica
   448 | D        | Killed Crazy Yiuf
   453 | D        | Killed Sigmund
   454 | D        | Reached skill level 13 in Fighting
   475 | D        | Entered arena 6.
   475 | D        | Noticed a white ugly thing
   475 | D        | Noticed a purple ugly thing
   475 | D        | Noticed a hornet
   475 | D        | Found a transporter.
   479 | D        | Reached XP level 10. HP: 90/92 MP: 10/10
   481 | D        | Killed a purple ugly thing
   482 | D        | Killed a white ugly thing
   496 | D        | Got the +9 arbalest "Peroyroewn" {elec, rC+ rN+ Int+3}
   505 | D        | Entered arena 7.
   506 | D        | Found a transporter.
   514 | D        | Reached skill level 14 in Fighting
   538 | D        | Entered arena 8.
   539 | D        | Found a transporter.
   562 | D        | Got the Incunabulum of Cloudy Necromancy
   571 | D        | Entered arena 9.
   571 | D        | Noticed a spriggan rider
   571 | D        | Noticed a spriggan rider
   572 | D        | Found a transporter.
   577 | D        | Killed a spriggan rider
   581 | D        | Reached XP level 11. HP: 96/101 MP: 11/11
   622 | D        | Entered arena 10.
   622 | D        | Found the +8 frozen axe "Frostbite" {freezing cloud, *Noise
                  | Fly rC+}
   622 | D        | Noticed a shining eye
   623 | D        | Found a transporter.
   627 | D        | Gained mutation: Your magical capacity is low. (-10% MP) [a
                  | shining eye]
   628 | D        | Gained mutation: You occasionally shout uncontrollably at
                  | your foes. [a shining eye]
   630 | D        | Killed a shining eye
   631 | D        | Reached skill level 15 in Fighting
   631 | D        | Reached skill level 15 in Armour
   677 | D        | Got the ring "Kakh" {MP+9 Str-3 Int+4 Dex+3}
   693 | D        | Entered arena 11.
   693 | D        | Noticed a spriggan rider
   693 | D        | Noticed a spriggan druid
   694 | D        | Found a transporter.
   699 | D        | Killed a spriggan druid
   776 | D        | Entered arena 12.
   776 | D        | Noticed a two-headed ogre
   776 | D        | Noticed a swamp dragon
   776 | D        | Noticed a moth of wrath
   776 | D        | Noticed an eight-headed hydra
   776 | D        | a two-headed ogre changed into an eight-headed hydra
   776 | D        | Noticed a shock serpent
   776 | D        | Noticed a lindwurm
   777 | D        | Noticed a sea snake
   777 | D        | Noticed a shock serpent
   777 | D        | Noticed a salamander
   777 | D        | a swamp dragon changed into a salamander
   778 | D        | Found a transporter.
   779 | D        | Noticed a satyr
   779 | D        | a shock serpent changed into a satyr
   779 | D        | Noticed a wolf spider
   779 | D        | a sea snake changed into a wolf spider
   779 | D        | Noticed a wolf spider
   779 | D        | a shock serpent changed into a wolf spider
   779 | D        | a salamander changed into a yaktaur
   780 | D        | Noticed a spark wasp
   780 | D        | a wolf spider changed into a spark wasp
   780 | D        | Noticed a two-headed ogre
   780 | D        | a wolf spider changed into a two-headed ogre
   782 | D        | Killed a moth of wrath
   782 | D        | Noticed an eight-headed hydra
   782 | D        | a satyr changed into an eight-headed hydra
   783 | D        | Reached skill level 16 in Fighting
   783 | D        | Noticed a moth of wrath
   783 | D        | a yaktaur changed into a moth of wrath
   784 | D        | Noticed a sea snake
   784 | D        | a torpor snail changed into a sea snake
   784 | D        | Noticed a manticore
   784 | D        | a moth of wrath changed into a manticore
   786 | D        | a sea snake changed into a dream sheep
   787 | D        | Killed a lindwurm
   787 | D        | Noticed a cyclops
   787 | D        | a dream sheep changed into a cyclops
   787 | D        | Noticed a lindwurm
   787 | D        | a manticore changed into a lindwurm
   788 | D        | Noticed a minotaur
   788 | D        | a ten-headed hydra changed into a minotaur
   788 | D        | Noticed a faun
   788 | D        | a cyclops changed into a faun
   788 | D        | Noticed a minotaur
   788 | D        | a 12-headed hydra changed into a minotaur
   792 | D        | Killed a minotaur
   792 | D        | Killed a faun
   792 | D        | Noticed a wolf spider
   792 | D        | a spark wasp changed into a wolf spider
   793 | D        | Reached skill level 17 in Fighting
   793 | D        | Reached skill level 15 in Axes
   793 | D        | Killed a minotaur
   793 | D        | Killed a lindwurm
   793 | D        | Killed a wolf spider
   794 | D        | Reached skill level 18 in Fighting
   794 | D        | Reached XP level 12. HP: 74/116 MP: 10/10
   795 | D        | Killed a two-headed ogre
   946 | D        | Got the ring of Ascent {Contam rC+ rN+++ Int+2 Stlth+}
   965 | D        | Entered arena 13.
   965 | D        | Noticed a deep elf blademaster
   965 | D        | Noticed a deep elf blademaster
   965 | D        | Noticed a deep elf annihilator
   965 | D        | Noticed a deep elf blademaster
   965 | D        | Noticed a +1 trident of venom
   965 | D        | Noticed a deep elf master archer
   967 | D        | Noticed a deep elf annihilator
   975 | D        | Killed a deep elf blademaster
   976 | D        | Reached skill level 19 in Fighting
   976 | D        | Noticed a sixfirhy
   981 | D        | Killed a deep elf blademaster
   981 | D        | Killed a deep elf blademaster
   985 | D        | Killed a deep elf master archer
   986 | D        | Reached skill level 20 in Fighting
   986 | D        | Reached XP level 13. HP: 56/127 MP: 11/11
   986 | D        | Found a transporter.
   987 | D        | Killed a deep elf annihilator
   992 | D        | Killed from afar by a deep elf annihilator

Illustrated notes

Levels and vault maps discovered:
D:        sprint_v [room_start, room_1, room_2, room_3, room_4, room_5, room_6,
          room_7, room_8, room_9, room_10, room_11, room_12, room_13, room_14,
          room_15, room_16, room_17, room_18, room_19, room_20, room_21,
          room_22, room_23, room_24, room_25, room_26, room_27]

Skill      XL: |  1  2  3  4  5  6  7  8  9 10 11 12 |
---------------+-------------------------------------+-----
Fighting       | 5 7 9 10 12 13 14 18 20 | 20.3
Axes           | 4 6 8 9 11 13 15 17 | 17.4
Armour         | 5 7 9 10 12 13 14 17 18 | 18.8
Shields        | 6 8 10 | 10.2

Action                   |  1- 3 |  4- 6 |  7- 9 | 10-12 | 13-15 || total
-------------------------+-------+-------+-------+-------+-------++-------
Melee: Broad axe         |     4 |     4 |    22 |    72 |     5 ||   107
Invok: Potion Petition   |       |       |       |     5 |       ||     5
Evoke: Piece from Xom's  |       |       |     1 |       |       ||     1
  Use: Potion            |       |     1 |     1 |       |       ||     2
 Stab: Distracted        |       |       |     1 |       |       ||     1
       Invisible         |       |       |       |     8 |     1 ||     9
Armor: Plate armour      |     6 |     1 |    11 |   114 |       ||   132
Dodge: Dodged            |       |       |     2 |    10 |       ||    12
Block: Kite shield       |     8 |     2 |    28 |   160 |     8 ||   206
